 Dungeon Crawl Stone Soup version 0.30.1-9-gdf580d7c3d (webtiles) character file.

Game seed: 8346673504368285606

23669 Pooter the Severer (level 12, -5/118 HPs)
             Began as a Minotaur Berserker on Oct 24, 2023.
             Was an Elder of Trog.
             Slain by a cane toad (17 damage)
             ... on level 2 of the Lair of Beasts.
             The game lasted 01:23:46 (16545 turns).

Pooter the Severer (Minotaur Berserker)            Turns: 16545, Time: 01:23:46

Health: -5/118     AC: 10    Str: 30    XL:     12   Next: 73%
Magic:  0/11       EV: 11    Int:  6    God:    Trog [****..]
Gold:   901        SH:  0    Dex: 11    Spells: 11/11 levels left

rFire   . . .        a - +5 broad axe (freeze)
rCold   . . .        (no shield)
rNeg    . . .        E - +0 scale mail "Etwor" {+Inv rPois Regen+}
rPois   +            M - +0 hat {SInv}
rElec   .            p - +2 cloak
rCorr   .            g - +0 pair of gloves
SInv    +            (no boots)
Will    .....        G - amulet of guardian spirit Stlth
                     i - +6 ring of strength
HPRegen 1.19/turn    D - +4 ring of slaying
MPRegen 0.12/turn

%: guardian spirit
@: studying Fighting
A: horns 2, retaliatory headbutt
a: Renounce Religion, Evoke Invisibility, Berserk, Trog's Hand, Brothers in Arms


You were on level 2 of the Lair of Beasts.
You worshipped Trog.
Trog was greatly pleased with you.
You visited 2 branches of the dungeon, and saw 14 of its levels.
You also visited: Sewer, Bailey and Gauntlet.

You collected 1175 gold pieces.
You spent 274 gold pieces at shops.

Inventory:

Hand Weapons
 a - a +5 broad axe of freezing (weapon)
   (You found it in a Gauntlet)
 b - a +0 longbow
   (You took it off a centaur warrior on level 10 of the Dungeon)
 r - a +0 trident
   (You took it off an orc on level 5 of the Dungeon)
 L - a +3 halberd
   (You took it off an orc in a bailey)
 P - a +0 dire flail
   (You took it off a two-headed ogre on level 9 of the Dungeon)
 U - a +2 war axe
   (You took it off an orc on level 3 of the Dungeon)
Missiles
 d - 22 poisoned darts
 l - 4 atropa-tipped darts
 q - 14 boomerangs
 x - 30 javelins (quivered)
 O - a throwing net {!f}
 Q - 126 stones
Armour
 g - a +0 pair of gloves (worn)
   (You found it on level 2 of the Dungeon)
 o - a +0 plate armour
   (You found it on level 4 of the Dungeon)
 p - a +2 cloak (worn)
   (You found it on level 9 of the Dungeon)
 E - the +0 scale mail "Etwor" (worn) {+Inv rPois Regen+}
   (You found it on level 7 of the Dungeon)

   rPois:     It protects you from poison.
   +Inv:      It lets you turn invisible.
   Regen:     It increases your rate of health regeneration.
 M - a +0 hat of see invisible (worn)
   (You took it off Gastronok on level 9 of the Dungeon)
 T - a +1 pair of gloves of infusion
   (You found it in a Gauntlet)
Jewellery
 i - a +6 ring of strength (left hand)
   (You found it on level 2 of the Lair of Beasts)
 D - a +4 ring of slaying (right hand)
   (You found it on level 7 of the Dungeon)
 F - a ring of fire
   (You found it on level 8 of the Dungeon)
 G - an amulet of guardian spirit (around neck)
   (You found it on level 10 of the Dungeon)
 I - a ring of protection from cold
   (You found it on level 4 of the Dungeon)
 N - a ring of positive energy
   (You took it off a minotaur in a Gauntlet)
 S - a ring of see invisible
   (You found it on level 11 of the Dungeon)
 V - an amulet of reflection
   (You took it off a kobold on level 8 of the Dungeon)
Wands
 f - a wand of flame (11)
   (You found it in a Gauntlet)
 H - a wand of charming (6)
   (You found it on level 8 of the Dungeon)
 K - a wand of mindburst (25)
   (You found it on level 8 of the Dungeon)
Scrolls
 e - 2 scrolls of noise {!r}
 h - a scroll of poison {!r}
 j - 2 scrolls of vulnerability {!r}
 k - 4 scrolls of fog
 m - 4 scrolls of enchant armour
 t - 6 scrolls of teleportation {@r4}
 y - 3 scrolls of blinking
 A - a scroll of silence
 C - a scroll of butterflies
Potions
 c - 4 potions of curing {@q1}
 n - 2 potions of resistance
 s - 2 potions of lignification {!q}
 u - 3 potions of attraction {!q}
 w - 2 potions of heal wounds {@q2}
 z - 2 potions of flight
 B - a potion of cancellation {unknown}
 J - 3 potions of might
 R - a potion of experience {unknown}
 W - 4 potions of mutation {!q}
Miscellaneous
 X - a phial of floods
   (You found it in a Gauntlet)


   Skills:
 + Level 14.6 Fighting
 + Level 16.3 Axes
 * Level 13.0 Ranged Weapons
 + Level 6.8 Throwing
 - Level 2.4 Armour
 - Level 2.1 Dodging


You had 11 spell levels left.
You didn't know any spells.
Your spell library was empty.

Dungeon Overview and Level Annotations

Branches:
Dungeon (11/15) Zot: 25417  Temple (0/1) D:7            Lair (3/5) D:11 Zot: 16288
 Shoals (0/4) Lair:2        Sewer (visited)          Bailey (visited)
Gauntlet (visited)
  Snake: Lair:2-3    Spider: Lair:2-3       Orc: D:9-12

Altars:
Fedhas
Gozag

Shops:
D:6 ?

Annotations:
D:2 1 runed translucent door, Crazy Yiuf
D:11 3 runed translucent doors, lonewolfV2's ghost, journeyman DsFi


Innate Abilities, Weirdness & Mutations

You have a pair of horns on your head.
You reflexively headbutt those who attack you in melee.


Message History

* * * LOW HITPOINT WARNING * * *
There is an open door here.
You feel sick. The black mamba bites you!
* * * LOW MAGIC WARNING * * *
* * * LOW HITPOINT WARNING * * *
The black mamba bites you!
* * * LOW MAGIC WARNING * * *
* * * LOW HITPOINT WARNING * * *
As you read the scroll of fear, it crumbles to dust.
You assume a fearsome visage.
The black mamba looks frightened!
The torpor snail resists with almost no effort.
The fire crab looks frightened!
The cane toad looks frightened!
The elephant looks frightened!
You feel sick.
Cornered, the cane toad turns to fight!
Cornered, the elephant turns to fight!
You feel the effects of Trog's Hand fading.
You feel sick. The cane toad stings you.
* * * LOW HITPOINT WARNING * * *
The cane toad attacks as you move away!
The cane toad stings you but does no damage.
You feel yourself speed up.
You feel sick.
You are no longer poisoned.
Cornered, the black mamba turns to fight!
Being near the torpor snail leaves you feeling lethargic.
There is a stone staircase leading up here.
The black mamba bites you.
* * * LOW MAGIC WARNING * * *
* * * LOW HITPOINT WARNING * * *
You are poisoned.
The black mamba poisons you! The cane toad stings you!
* * * LOW MAGIC WARNING * * *
* * * LOW HITPOINT WARNING * * *
The black mamba bites you but does no damage.
The rime drake closely misses you. You furiously retaliate!
You headbutt the rime drake. The cane toad stings you.
* * * LOW HITPOINT WARNING * * *
The black mamba closely misses you.
You climb upwards.
You feel yourself speed up.
Your skin stops crawling.
You feel less strong-willed.
* * * LOW HITPOINT WARNING * * *
You feel extremely sick.
There is a stone staircase leading down, spattered with blood here.
You see here a black mamba skeleton.
You feel better. The black mamba barely misses you. You furiously retaliate!
You headbutt the black mamba!
You kill the black mamba!
Trog accepts your kill. The cane toad stings you!
You die...

.....# ##...### ∩....##
#P.P## ......# ##.##
#P..### #P..## ###..#
#####...# #...## #.#
#..##### #..##
##.###'####.# #.††#
##...†.......# #..###
#....@F......# .....#
######...........#
.....###.P..'...........#
....##.....#............#
........#####...........#
.....#### ##...........##
##.### #.#..#.###.##.#
### ###...## ######
#.....#


You could see a cane toad.

Vanquished Creatures
  Gastronok (D:9)
  A minotaur (Gauntlet)
  A hydra (Lair:2)
  3 two-headed ogres
  A centaur warrior (D:10)
  2 thrashing horrors (Gauntlet)
  A skyshark (Lair:2)
  A deep elf pyromancer (D:10)
  A manticore (D:11)
  A moth of wrath (Gauntlet)
  3 black mambas (Lair:2)
  A gargoyle (D:11)
  Psyche (D:10)
  A cane toad (Lair:2)
  A rime drake (Lair:2)
  A komodo dragon (Lair:1)
  4 trolls (D:10)
  A polar bear (Lair:2)
  A hornet (D:11)
  5 blink frogs (Lair:1)
  2 small abominations (Gauntlet)
  A shadow (D:11)
  3 wyverns
  25 yaks
  A basilisk (Lair:2)
  A wraith (D:9)
  2 steam dragons
  2 swamp worms (D:7)
  7 water moccasins
  2 acid dragons
  8 orc warriors (Bailey)
  3 black bears
  2 ice beasts
  3 wolves (Gauntlet)
  An ogre (D:5)
  21 centaurs
  A phantom (D:5)
  2 kobold brigands
  8 bullfrogs
  3 scorpions
  2 gnoll sergeants
  6 killer bees (D:9)
  3 howler monkeys (D:8)
  4 hounds
  2 jellies
  3 orc priests
  2 sleepcaps
  4 iguanas
  14 orc wizards
  14 gnolls
  12 adders
  2 river rats (D:6)
  2 shadow imps
  An ufetubus (D:5)
  3 worms
  3 dart slugs
  61 orcs
  7 bats
  17 endoplasms
  11 giant cockroaches
  12 goblins
  9 hobgoblins
  3 jackals (D:3)
  12 quokkas
  13 ball pythons
  6 frilled lizards
  16 kobolds
  11 rats
385 creatures vanquished.

Notes
Turn   | Place    | Note
-------+----------+-------------------------------------------
     0 | D:1      | Pooter the Minotaur Berserker began the quest for the Orb.
     0 | D:1      | Reached XP level 1. HP: 19/19 MP: 0/0
   200 | D:1      | Reached skill level 4 in Axes
   255 | D:1      | Reached XP level 2. HP: 27/27 MP: 1/1
   841 | D:2      | Reached ** piety under Trog
   842 | D:2      | Reached XP level 3. HP: 33/33 MP: 2/2
   871 | D:2      | Reached skill level 5 in Axes
  1061 | D:2      | Found a blossoming altar of Fedhas.
  1139 | D:2      | Found a runed translucent door.
  1140 | D:2      | Noticed Crazy Yiuf
  1231 | D:2      | Reached XP level 4. HP: 35/41 MP: 3/3
  1704 | D:3      | Reached skill level 6 in Axes
  1788 | D:3      | Reached XP level 5. HP: 47/47 MP: 4/4
  1792 | D:3      | Reached skill level 5 in Fighting
  2042 | D:3      | Reached *** piety under Trog
  2810 | D:4      | Reached skill level 7 in Axes
  2883 | D:4      | Reached XP level 6. HP: 56/56 MP: 5/5
  3287 | D:5      | Entered Level 5 of the Dungeon
  3399 | D:5      | Reached skill level 8 in Axes
  3399 | D:5      | Reached XP level 7. HP: 63/63 MP: 6/6
  3724 | D:5      | Reached skill level 9 in Axes
  3894 | D:6      | Found Efuotat's Magic Scroll Shop.
  3904 | D:6      | Bought a scroll of blinking for 82 gold pieces
  3904 | D:6      | Bought a scroll of identify for 22 gold pieces
  3904 | D:6      | Bought a scroll of blinking for 82 gold pieces
  3904 | D:6      | Bought a scroll of identify for 22 gold pieces
  3904 | D:6      | Bought a scroll of identify for 22 gold pieces
  3945 | D:6      | Reached skill level 1 in Ranged Weapons
  3946 | D:6      | Reached XP level 8. HP: 73/73 MP: 7/7
  3970 | D:6      | Found a glowing drain.
  4105 | Sewer    | Entered a sewer
  4162 | Sewer    | Reached skill level 10 in Axes
  4332 | Sewer    | Reached **** piety under Trog
  4679 | Sewer    | Identified the amulet of Harmony {Faith rN+ MP+9 Stlth-}
  5162 | D:7      | Found a flagged portal.
  5217 | Bailey   | Entered a bailey
  5325 | Bailey   | Reached skill level 11 in Axes
  5731 | Bailey   | Reached skill level 5 in Ranged Weapons
  5731 | Bailey   | Reached XP level 9. HP: 74/81 MP: 8/8
  7023 | Bailey   | Reached skill level 12 in Axes
  8711 | D:6      | Bought a scroll of fear for 44 gold pieces
  9188 | D:7      | Reached XP level 10. HP: 53/91 MP: 9/9
  9581 | D:7      | Identified the +0 scale mail "Etwor" {+Inv rPois Regen+}
  9979 | D:7      | Found a staircase to the Ecumenical Temple.
 10118 | D:8      | Reached skill level 1 in Throwing
 10815 | D:9      | Reached skill level 13 in Axes
 10817 | D:9      | Reached skill level 10 in Fighting
 11301 | D:9      | Found an opulent altar of Gozag.
 11376 | D:9      | Noticed a two-headed ogre
 11384 | D:9      | Killed a two-headed ogre
 11504 | D:9      | Noticed a two-headed ogre
 11512 | D:9      | Killed a two-headed ogre
 11597 | D:9      | Noticed Gastronok
 11611 | D:9      | Killed Gastronok
 11794 | D:10     | Entered Level 10 of the Dungeon
 11806 | D:10     | Reached skill level 14 in Axes
 11806 | D:10     | Reached XP level 11. HP: 101/102 MP: 10/10
 11868 | D:10     | Noticed Psyche
 11869 | D:10     | Noticed a centaur warrior
 11879 | D:10     | Killed a centaur warrior
 11941 | D:10     | Killed Psyche
 12248 | D:10     | Reached skill level 10 in Ranged Weapons
 12294 | D:10     | Noticed a deep elf pyromancer
 12304 | D:10     | Killed a deep elf pyromancer
 12471 | D:10     | Noticed a two-headed ogre
 12479 | D:10     | Killed a two-headed ogre
 13709 | D:11     | Found a runed translucent gate.
 13710 | D:11     | Found a runed translucent gate.
 13711 | D:11     | Found a runed translucent gate.
 13713 | D:11     | Noticed lonewolfV2's ghost (journeyman DsFi)
 13749 | D:11     | Found a staircase to the Lair.
 14076 | D:11     | Noticed a boulder beetle
 14432 | Lair:1   | Entered Level 1 of the Lair of Beasts
 14502 | Lair:1   | Reached skill level 15 in Axes
 14567 | Lair:1   | Reached skill level 5 in Throwing
 14858 | Lair:1   | Reached XP level 12. HP: 86/115 MP: 6/11
 15303 | Lair:2   | Found a gate leading to a gauntlet.
 15309 | Gauntlet | Entered a Gauntlet
 15309 | Gauntlet | Found a transporter.
 15318 | Gauntlet | Found a transporter.
 15319 | Gauntlet | Found a transporter.
 15333 | Gauntlet | Found a transporter.
 15335 | Gauntlet | Found a transporter.
 15339 | Gauntlet | Found a runed translucent door.
 15339 | Gauntlet | Found a runed translucent door.
 15370 | Gauntlet | Found a transporter.
 15379 | Gauntlet | Found a transporter.
 15379 | Gauntlet | Found a transporter.
 15422 | Gauntlet | Found a transporter.
 15429 | Gauntlet | Found a runed translucent gate.
 15431 | Gauntlet | Found a runed translucent gate.
 15442 | Gauntlet | Found a runed translucent gate.
 15456 | Gauntlet | Found a transporter.
 15535 | Gauntlet | Identified the +5 rapier "Spiderbane" {pain, rElec rPois
                  | Int-3 Dex+5}
 15535 | Gauntlet | Noticed a minotaur
 15545 | Gauntlet | Killed a minotaur
 15619 | Gauntlet | Identified the +0 robe of Ynariec {rCorr Slay+2}
 15696 | Lair:2   | Reached skill level 16 in Axes
 15912 | Lair:2   | Found a staircase to the Shoals.
 15989 | Lair:2   | Noticed a four-headed hydra
 15998 | Lair:2   | Killed a four-headed hydra
 16544 | Lair:2   | HP: 2/118 [poisoned by a black mamba]
 16545 | Lair:2   | Slain by a cane toad

Illustrated notes

Levels and vault maps discovered:
D:1:      nicolae_arrival_memento_mori, layout_loops_cross
D:2:      layout_loops_cross, basic_altar, uniq_crazy_yiuf_cottage
D:3:      layout_basic, minmay_between
D:4:      layout_loops_ring
D:5:      layout_basic
D:6:      layout_rooms, portal_sewer_entry_b, serial_shops, shop_statue
D:7:      layout_layer_cave, temple_hall, enter_bailey_7, worms_lemuel
D:8:      layout_rooms
D:9:      layout_irregular_city, mainiacjoe_overflow_alcove_2, uniq_gastronok
D:10:     layout_irregular_city, uniq_psyche
D:11:     layout_basic, lair_entry_dummy, gammafunk_ghost_necromancy
Lair:1:   layout_regular_city
Lair:2:   layout_roguey, minmay_shoals_entry_centaurs, gauntlet_entry_generic,
          minivault_24
Lair:3:   nzn_winding_woodlands_stair_cross
          [nzn_winding_woodlands_5x15_lazy_stream,
          nzn_winding_woodlands_center_triple_pond,
          nzn_winding_woodlands_5x15_pathside_ponds,
          nzn_winding_woodlands_5x5_cross, nzn_winding_woodlands_5x5_three,
          nzn_winding_woodlands_5x15_longhouse,
          nzn_winding_woodlands_center_garden,
          nzn_winding_woodlands_5x15_jagged], layout_long_grid,
          minmay_snake_entry_six_corridors, fungi_pond_lemuel

Skill      XL: |  1  2  3  4  5  6  7  8  9 10 11 12 |
---------------+-------------------------------------+-----
Axes           | 4 5 6 7 8 9 11 12 14 15 16 | 16.3
Fighting       | 4 5 6 7 8 9 11 13 14 | 14.6
Ranged Weapons | 1 5 7 9 11 13 | 13.0
Throwing       | 3 5 6 |  6.8
Armour         | |  2.4
Dodging        | |  2.1

Action                     |  1- 3 |  4- 6 |  7- 9 | 10-12 || total
---------------------------+-------+-------+-------+-------++-------
  Melee: Hand axe          |    79 |    54 |       |       ||   133
         Headbutt          |     9 |    21 |    35 |    49 ||   114
         Punch             |     1 |     1 |     4 |     3 ||     9
         Halberd           |       |    45 |    16 |       ||    61
         War axe           |       |    51 |   192 |   237 ||   480
         Unarmed           |       |       |       |     2 ||     2
         Broad axe         |       |       |       |    71 ||    71
         Dire flail        |       |       |       |     4 ||     4
   Fire: Shortbow          |       |       |   304 |    25 ||   329
         Longbow           |       |       |       |    44 ||    44
  Throw: Dart              |     1 |     7 |    13 |       ||    21
         Javelin           |       |       |    10 |     7 ||    17
 Invoke: Berserk           |       |     3 |    12 |    16 ||    31
         Trog's Hand       |       |     3 |    12 |    16 ||    31
  Evoke: Wand              |       |       |       |     3 ||     3
    Use: Scroll            |     2 |     7 |     9 |    13 ||    31
         Potion            |       |       |     1 |     3 ||     4
   Stab: Sleeping          |     1 |       |       |       ||     1
         Invisible         |       |       |     1 |     1 ||     2
 Armour: Scale mail        |    38 |    18 |       |   145 ||   201
         Chain mail        |       |    27 |       |       ||    27
         Plate armour      |       |    23 |   177 |     1 ||   201
  Dodge: Dodged            |    50 |    59 |   149 |   138 ||   396
  Block: Other             |       |       |       |    39 ||    39
         Reflection        |       |       |       |     2 ||     2
